 Dungeon Crawl Stone Soup version 0.29-a0-284-gf9362112df (webtiles) character file.

Game seed: 383047955586737134

2316 garrulousMonolith the Cleaver (level 9, -16/79 HPs)
             Began as a Hill Orc Monk on Mar 28, 2022.
             Killed from afar by a steam dragon (20 damage)
             ... with a ball of steam
             ... on level 6 of the Dungeon.
             The game lasted 00:07:18 (6105 turns).

garrulousMonolith the Cleaver (Hill Orc Monk)       Turns: 6105, Time: 00:07:19

Health: -16/79     AC: 13    Str: 18    XL:     9   Next: 41%
Magic:  13/13      EV: 11    Int: 16    God:
Gold:   223        SH:  0    Dex: 13    Spells: 8/8 levels left

rFire   . . .      SeeInvis .   y - +2 spear (venom)
rCold   + + +      Faith    .   (no shield)
rNeg    . . .      Spirit   .   g - +0 ice dragon scales
rPois   +          Reflect  .   (no helmet)
rElec   +          Harm     .   C - +0 cloak
rCorr   +          Rampage  .   f - +0 pair of gloves
Will    .....                   (no boots)
Stlth   ..........              (no amulet)
HPRegen 0.23/turn               m - +6 ring of intelligence
MPRegen 0.13/turn               (no ring)

@: resistant
A: no striking features
a: no special abilities


You were on level 6 of the Dungeon.
You visited 1 branch of the dungeon, and saw 6 of its levels.

You collected 223 gold pieces.

Inventory:

Hand Weapons
 a - a +0 hand axe
 r - a +5 flail of holy wrath
 y - a +2 spear of venom (weapon)
 A - a +2 glaive of distortion
Missiles
 e - 182 stones
 l - 12 poisoned darts (quivered)
 q - 8 boomerangs
 x - 3 throwing nets
 F - 2 curare-tipped darts
Armour
 f - a +0 pair of gloves (worn)
 g - +0 ice dragon scales (worn)
 o - a +1 pair of gloves
 C - a +0 cloak (worn)
Jewellery
 m - a +6 ring of intelligence (left hand)
Wands
 D - a wand of flame (12)
Scrolls
 d - a scroll of magic mapping
 h - a scroll of vulnerability {unknown}
 i - a scroll of fog
 n - a scroll of acquirement {unknown}
 p - a scroll of silence {unknown}
 s - a scroll of identify
 v - 2 scrolls of brand weapon {unknown}
 w - 2 scrolls of fear {unknown}
 B - a scroll of blinking {unknown}
 E - a scroll of amnesia {unknown}
 H - a scroll of teleportation {unknown}
Potions
 b - 4 potions of curing
 c - 3 potions of ambrosia
 j - a potion of magic {unknown}
 k - 2 potions of lignification
 t - a potion of brilliance
 z - a potion of degeneration {unknown}
 G - 2 potions of mutation {unknown}


   Skills:
 + Level 7.1 Fighting
 * Level 10.2 Axes
 + Level 5.1 Armour
 + Level 4.8 Dodging
 - Level 1.5 Stealth
 + Level 6.2 Invocations


You had 8 spell levels left.
You didn't know any spells.
Your spell library contained the following spells:

 Spells                   Type           Power      Damage    Failure   Level
 Sublimation of Blood     Necr           0%         N/A       80%         2
 Wereblood                Tmut           0%         N/A       80%         2
 Dazzling Flash           Conj/Hex       0%         N/A       95%         3
 Ignite Poison            Fire/Tmut/Pois 0%         N/A       95%         3
 Mephitic Cloud           Conj/Pois/Air  0%         N/A       95%         3
 Iskenderun's Mystic Bla  Conj/Tloc      0%         2d3       100%        4
 Freezing Cloud           Conj/Ice/Air   0%         6-21      100%        5
 Starburst                Conj/Fire      0%         6d3       100%        6
 Summon Hydra             Summ           0%         N/A       100%        7


Dungeon Overview and Level Annotations

Branches:
Dungeon (6/15)
 Temple: D:4-7

Altars:
Xom

Shops:
D:2 [   D:6 !=*


Message History

Really walk into that cloud of steam? [Y]es or [N]o only, please.
Really walk into that cloud of steam?
Okay, then.
You hit the steam dragon but do no damage.
The steam dragon is poisoned.
The steam dragon bites you.
* * * LOW HITPOINT WARNING * * *
The steam dragon claws you but does no damage.
You hit the steam dragon.
The steam dragon looks even sicker.
The steam dragon is lightly wounded.
The steam dragon barely misses you. x2
You barely miss the steam dragon.
The steam dragon is lightly wounded.
The steam dragon bites you but does no damage.
The steam dragon claws you.
* * * LOW HITPOINT WARNING * * *
You hit the steam dragon.
The steam dragon looks as sick as possible!
The steam dragon is moderately wounded.
You feel protected. The steam dragon bites you.
* * * LOW HITPOINT WARNING * * *
The steam dragon misses you.
You hit the steam dragon.
The steam dragon looks as sick as possible!
The steam dragon is heavily wounded.
The steam dragon breathes steam at you.
The ball of steam hits you but does no damage.
You hit the steam dragon but do no damage.
The steam dragon looks as sick as possible!
The steam dragon is severely wounded.
You are engulfed in a cloud of scalding steam.
The steam dragon bites you but does no damage.
The steam dragon claws you but does no damage.
You completely miss the steam dragon.
The steam dragon is severely wounded.
You are engulfed in a cloud of scalding steam.
The steam dragon breathes steam at you. The ball of steam hits you!!
You die...

#..#...# . ...... .
#..###########.....
.
#...................
.
#..#######.........#
. #.## #.........# .
#.# #.........# .
#.# #.......... .
#.########§........#
#
#......§§@D........#
##########.........#
#.........#
#.........#. #
#.♣.♣.♣.♣... #
#K.⌠.∩.⌠.... #
#.♣.♣.♣.♣... #
#..∩.⌠.∩.... #
#.♣.♣.♣ ♣K.. #


You could see a steam dragon (extremely poisoned, catching breath).

Vanquished Creatures
  Maggie (D:6)
  3 yaks (D:6)
  A wraith (D:6)
  Eustachio (D:4)
  Menkaure (D:6)
  Edmund (D:6)
  A water moccasin (D:6)
  An ogre (D:5)
  A centaur (D:5)
  Blork the orc (D:6)
  A kobold brigand (D:6)
  A necrophage (D:6)
  A howler monkey (D:4)
  A hound (D:5)
  A jelly (D:6)
  2 gnoll shamans
  5 iguanas
  An orc wizard (D:6)
  Natasha (thrice) (D:4)
  6 gnolls
  6 adders
  3 white imps
  6 worms
  3 dart slugs
  6 orcs
  6 ball pythons
  6 bats
  9 endoplasms
  4 giant cockroaches
  5 hobgoblins
  4 quokkas
  A frilled lizard (D:1)
  6 goblins
  16 kobolds
  4 rats
119 creatures vanquished.

Notes
Turn   | Place    | Note
-------+----------+-------------------------------------------
     0 | D:1      | garrulousMonolith the Hill Orc Monk began the quest for the
                  | Orb.
     0 | D:1      | Reached XP level 1. HP: 19/19 MP: 1/1
   250 | D:1      | Reached XP level 2. HP: 27/27 MP: 2/2
   414 | D:1      | Reached skill level 1 in Invocations
   745 | D:2      | Found Xuxtonaegy's Armour Shop.
   752 | D:2      | Reached XP level 3. HP: 26/33 MP: 3/3
   764 | D:2      | Reached skill level 1 in Armour
  1008 | D:2      | Found a faded altar of an unknown god.
  1248 | D:2      | Reached XP level 4. HP: 28/40 MP: 5/5
  1350 | D:2      | Reached skill level 5 in Axes
  1621 | D:2      | You fall into a shaft and drop 2 floors!
  2120 | D:3      | Found a shimmering altar of Xom.
  2440 | D:3      | Reached XP level 5. HP: 46/46 MP: 6/6
  3209 | D:4      | Reached skill level 6 in Axes
  3209 | D:4      | Reached XP level 6. HP: 47/53 MP: 6/8
  3315 | D:4      | Noticed Natasha
  3321 | D:4      | Killed Natasha
  3346 | D:4      | Noticed Natasha
  3355 | D:4      | Killed Natasha
  3372 | D:4      | Noticed Natasha
  3384 | D:4      | Killed Natasha
  3499 | D:4      | Noticed Eustachio
  3512 | D:4      | Killed Eustachio
  3513 | D:4      | Reached skill level 5 in Fighting
  3513 | D:4      | Reached XP level 7. HP: 43/61 MP: 9/9
  3880 | D:5      | Entered Level 5 of the Dungeon
  3920 | D:5      | Reached skill level 7 in Axes
  4647 | D:5      | Reached XP level 8. HP: 69/70 MP: 11/11
  5078 | D:6      | Noticed a yak
  5078 | D:6      | Noticed a yak
  5079 | D:6      | Noticed a yak
  5088 | D:6      | Killed a yak
  5089 | D:6      | Reached skill level 8 in Axes
  5096 | D:6      | Killed a yak
  5104 | D:6      | Killed a yak
  5105 | D:6      | Reached skill level 5 in Invocations
  5244 | D:6      | Noticed a wraith
  5271 | D:6      | Killed a wraith
  5272 | D:6      | Reached skill level 9 in Axes
  5313 | D:6      | Noticed Maggie
  5563 | D:6      | Noticed Edmund
  5591 | D:6      | HP: 3/71 [Edmund/+5 flail of holy wrath (8)]
  5597 | D:6      | Killed Edmund
  5598 | D:6      | Reached XP level 9. HP: 17/78 MP: 13/13
  5925 | D:6      | Noticed Blork the orc
  5936 | D:6      | Killed Maggie
  5945 | D:6      | Killed Blork the orc
  6023 | D:6      | Found Qinkehiqee's Jewellery Shoppe.
  6023 | D:6      | Found Tuivo's Distillery.
  6023 | D:6      | Found Ropnia's General Store.
  6027 | D:6      | Noticed Menkaure
  6048 | D:6      | Killed Menkaure
  6049 | D:6      | Reached skill level 10 in Axes
  6049 | D:6      | Reached skill level 5 in Armour
  6105 | D:6      | Killed from afar by a steam dragon

Illustrated notes

Levels and vault maps discovered:
D:1:      roderic_crossed_star, layout_rooms
D:2:      minmay_chambers_of_ones, layout_rooms, basic_ecumenical_altar,
          serial_shops, shop
D:3:      layout_basic, xom_teletrap_fun
D:4:      layout_rooms, uniq_eustachio, uniq_natasha
D:5:      layout_loops_ring, chequers_arboretum
D:6:      layout_basic, minmay_shop_grid_forest, uniq_edmund, uniq_menkaure,
          uniq_maggie, uniq_blork_the_orc

Skill      XL: |  1  2  3  4  5  6  7  8  9 |
---------------+----------------------------+-----
Invocations    | 1 2 3 4 5 6 |  6.2
Armour         | 1 2 3 4 5 |  5.1
Fighting       | 4 5 6 7 |  7.1
Axes           | 5 6 7 9 10 | 10.2
Dodging        | 3 4 |  4.8
Stealth        | |  1.5

Action                   |  1- 3 |  4- 6 |  7- 9 || total
-------------------------+-------+-------+-------++-------
Melee: Hand axe          |   127 |   102 |       ||   229
       Punch             |       |     2 |     4 ||     6
       Spear             |       |    68 |   244 ||   312
Throw: Dart              |     1 |       |    10 ||    11
Evoke: Wand              |       |     4 |    10 ||    14
  Use: Potion            |       |     1 |     4 ||     5
       Scroll            |       |       |     8 ||     8
Armor: Ice dragon scales |    57 |    92 |    95 ||   244
Dodge: Dodged            |    68 |    69 |    90 ||   227

Table legend: (Time is in decaauts)
 A = Elapsed time spent in this place.
 B = Non-inter-level travel time spent in this place.
 C = Inter-level travel time spent in this place.
 D = Time resting spent in this place.
 E = Time spent auto-exploring this place.
 F = Levels seen in this place.
 G = Mean time per level.
                   A        B        C        D        E       F      G
               +--------+--------+--------+--------+--------+-----+--------+
         Total |   6128 |   5989 |    139 |   1799 |   3122 |   6 | 1021.3 |
       Dungeon |   6128 |   5989 |    139 |   1799 |   3122 |   6 | 1021.3 |
               +--------+--------+--------+--------+--------+-----+--------+

Top non-repeatable levels by time:
     D:2: 1375 daAuts
     D:6: 1116 daAuts
     D:3: 1087 daAuts
     D:5: 1081 daAuts
     D:4: 953 daAuts
     D:1: 515 daAuts
